 Dungeon Crawl Stone Soup version 0.25.1-2-g60ff931df9 (webtiles) character file.

Game seed: 17402388363284453549

158 DearestLeader the Chopper (level 5, -5/41 HPs)
             Began as a Demonspawn Abyssal Knight on Sept 28, 2020.
             Was a Believer of Lugonu.
             Killed by divine providence
             ... invoked by an orc priest
              (14 damage)
             ... on level 3 of the Dungeon.
             The game lasted 00:05:36 (3622 turns).

DearestLeader the Chopper (DsAK)                    Turns: 3622, Time: 00:05:36

Health: -5/41      AC: 12    Str: 13    XL:     5   Next: 16%
Magic:  7/7        EV:  3    Int: 14    God:    Lugonu [**....]
Gold:   80         SH:  0    Dex: 12    Spells: 4/4 levels left

rFire    . . .     SeeInvis .   a - +1 hand axe
rCold    . . .     Gourm    .   (no shield)
rNeg     . . .     Faith    .   j - +0 plate armour (curse)
rPois    +         Spirit   .   (no helmet)
rElec    .         Reflect  .   (no cloak)
rCorr    .         Harm     .   (no gloves)
MR       .....                  (no boots)
Stlth    ..........             (no amulet)
HPRegen  0.13/turn              h - ring of poison resistance
MPRegen  0.10/turn              (no ring)

@: no status effects
A: slimy green scales 1, nightstalker 1
a: Depart the Abyss, Bend Space, Renounce Religion


You were on level 3 of the Dungeon.
You worshipped Lugonu.
Lugonu was pleased with you.
You were not hungry.

You visited 1 branch of the dungeon, and saw 3 of its levels.
You visited the Abyss 1 time.

You collected 80 gold pieces.

Inventory:

Hand Weapons
 a - a +1 hand axe (weapon)
 r - a +0 morningstar
Armour
 b - a +0 leather armour
 i - a +0 buckler
 j - a cursed +0 plate armour (worn)
Jewellery
 h - a ring of poison resistance (left hand)
Scrolls
 d - 2 scrolls of teleportation
 e - 2 scrolls of immolation
 g - 3 scrolls of enchant weapon {unknown}
 m - a scroll of remove curse
 o - a scroll of identify {unknown}
 p - a scroll of amnesia {unknown}
Potions
 f - a potion of brilliance {unknown}
 k - a potion of cancellation {unknown}
 l - a potion of lignification {unknown}
 n - 2 potions of degeneration {unknown}
Comestibles
 c - 7 rations
 q - a chunk of flesh


   Skills:
 - Level 3.0 Fighting
 * Level 3.8 Axes
 + Level 2.0 Armour
 - Level 0.8 Dodging
 + Level 2.3 Shields
 - Level 2.9 Invocations


You had 4 spell levels left.
You didn't know any spells.
Your spell library was empty.

Dungeon Overview and Level Annotations

Branches:
Dungeon (3/15)

Altars:
Dithmenos
Fedhas
Xom

Annotations:
D:3 2 transporters, 1 runed translucent door, Crazy Yiuf; strelocc's ghost, amateur GnIE


Innate Abilities, Weirdness & Mutations

You are partially covered in slimy green scales. (AC +2)
You are slightly more attuned to the shadows.


Message History

The orc priest is heavily wounded.
The orc priest hits you but does no damage.
You closely miss the orc priest.
The orc priest is heavily wounded.
The orc priest hits you but does no damage.
You hit the orc priest.
The orc priest is heavily wounded.
The orc priest hits you but does no damage.
You hit the orc priest.
The orc priest is almost dead.
The orc priest hits you but does no damage.
You hit the orc priest but do no damage.
The orc priest is almost dead.
The orc priest hits you with a +0 short sword.
* * * LOW HITPOINT WARNING * * *
You barely miss the orc priest.
The orc priest is almost dead.
The orc priest mumbles some strange prayers to Beogh against you.
Beogh smites you!
You die...

......).....oo...)..'....'......
#.....†..#######.####....##.....
.......#)# #.# #....##'#...
.....###.## #.####....#......
..... #.(# #...(######....)#
..... ###'######....# #.....#
.... #.(.....##....# #.....# ...
#.......##....######.....#
#(......o@)........'.....#
#.......##.......###....##
#.......##.##....# ##'#...
#.......##.##....# #.#...
#.......##.......# #.####
#.......##.......# #.#<##
#....)..##.......# #.#...
##'###'###.....### #.#... #.#
#.###.....# #.#...


You could see an orc priest.

Vanquished Creatures
  An orc priest (D:3)
  A worker ant zombie (D:3)
  4 adders (D:2)
  2 oozes
  A worm (D:3)
  4 dart slugs
  A leopard gecko (D:2)
  7 orcs (D:3)
  6 giant cockroaches
  8 goblins
  5 hobgoblins
  3 kobolds
  2 bats
  8 frilled lizards
  6 rats
59 creatures vanquished.

Notes
Turn   | Place    | Note
-------+----------+-------------------------------------------
     0 | Abyss:1  | DearestLeader the Demonspawn Abyssal Knight began the quest
                  | for the Orb.
     0 | Abyss:1  | Reached XP level 1. HP: 18/18 MP: 2/2
    37 | D:1      | Escaped the Abyss
   189 | D:1      | Gained mutation: You are slightly more attuned to the
                  | shadows. [demonic ancestry]
   189 | D:1      | Reached XP level 2. HP: 24/24 MP: 4/4
   889 | D:2      | Reached skill level 1 in Shields
   889 | D:2      | Reached XP level 3. HP: 16/29 MP: 5/5
  1137 | D:2      | Reached ** piety under Lugonu
  1748 | D:2      | Gained mutation: You are partially covered in slimy green
                  | scales. (AC +2) [demonic ancestry]
  1748 | D:2      | Reached XP level 4. HP: 17/35 MP: 6/6
  3090 | D:3      | Found a transporter.
  3093 | D:3      | Noticed strelocc's ghost (amateur GnIE)
  3094 | D:3      | Found a transporter.
  3095 | D:3      | Noticed an ogre
  3095 | D:3      | Noticed an ogre
  3126 | D:3      | Found a hide-covered altar of Uskayaw.
  3127 | D:3      | Found a shimmering altar of Xom.
  3127 | D:3      | Found a shimmering blue altar of Sif Muna.
  3229 | D:3      | Found an opulent altar of Gozag.
  3229 | D:3      | Found a shadowy altar of Dithmenos.
  3229 | D:3      | Found a blossoming altar of Fedhas.
  3333 | D:3      | Found a runed translucent door.
  3334 | D:3      | Noticed Crazy Yiuf
  3449 | D:3      | Reached XP level 5. HP: 27/41 MP: 7/7
  3622 | D:3      | Killed from afar by an orc priest

Illustrated notes

Levels and vault maps discovered:
D:1:      dpeg_arrival_erosion, layout_loops_ring
D:2:      layout_basic, patterned_corridor
D:3:      layout_basic, doesnt_xom_only_xom, gammafunk_ghost_smash,
          uniq_crazy_yiuf_cottage

Skill      XL: |  1  2  3  4 |
---------------+-------------+-----
Axes           | 2 3 |  3.8
Shields        | 1 2 |  2.3
Armour         | 2 |  2.0
Fighting       | |  3.0
Dodging        | |  0.8
Invocations    | |  2.9

Action                   |  1- 3 |  4- 6 || total
-------------------------+-------+-------++-------
Melee: Hand axe          |   130 |   100 ||   230
  Use: Scroll            |     3 |       ||     3
       Potion            |     1 |       ||     1
 Stab: Sleeping          |     6 |     2 ||     8
  Eat: Chunk             |     3 |     6 ||     9
Armor: Leather armour    |    29 |     9 ||    38
       Plate armour      |       |    37 ||    37
Dodge: Dodged            |    64 |    29 ||    93
